 Dungeon Sprint DCSS version 0.29.1-2-gbd0b4ee654 (webtiles) character file.

Game seed: 7377612416113856354

107 Zeld the Chopper (level 4, -2/44 HPs)
             Began as a Minotaur Berserker on Oct 27, 2022.
             Was a Follower of Trog.
             Slain by Sigmund
             ... wielding a +0 scythe
              (6 damage)
             ... in the Dungeon (Sprint I: "Red Sonja").
             The game lasted 00:00:17 (319 turns).

Zeld the Chopper (Minotaur Berserker)                Turns: 319, Time: 00:00:18

Health: -2/44      AC:  2    Str: 24    XL:     4   Next: 57%
Magic:  3/3        EV: 13    Int:  4    God:    Trog [*.....]
Gold:   54         SH:  0    Dex:  9    Spells: 3/3 levels left

rFire   . . .      SeeInvis .   a - +0 hand axe
rCold   . . .      Faith    .   (no shield)
rNeg    . . .      Spirit   .   b - +0 animal skin
rPois   .          Reflect  .   (helmet restricted)
rElec   .          Harm     .   (no cloak)
rCorr   .          Rampage  .   (no gloves)
Will    .....      NoTele   +   (no boots)
Stlth   +.........              (no amulet)
HPRegen 0.14/turn               (no ring)
MPRegen 0.08/turn               (no ring)

@: confused, on berserk cooldown, slowed, very slow
A: horns 2, retaliatory headbutt
a: Renounce Religion, Berserk


You were in the Dungeon.
You worshipped Trog.
Trog was aware of your devotion.
You visited 1 branch You collected 54 gold pieces.

Inventory:

Hand Weapons
 a - a +0 hand axe (weapon)
Armour
 b - a +0 animal skin (worn)
Wands
 i - a wand of flame (24)
Scrolls
 h - a scroll of blinking
Potions
 c - a potion of curing
 d - a potion of heal wounds
 e - a potion of haste
 f - 2 potions of magic
 g - a potion of berserk rage


   Skills:
 + Level 6.0 Fighting
 * Level 7.8 Axes
 + Level 5.4 Armour
 + Level 4.9 Dodging


You had 3 spell levels left.
You didn't know any spells.
Your spell library was empty.

Dungeon Overview and Level Annotations

Branches:
Dungeon (1/1)

Altars:

Annotations:
D Sigmund


Innate Abilities, Weirdness & Mutations

You have a pair of horns on your head.
You reflexively headbutt those who attack you in melee.


Message History

You hit something.
You hear some strange, mumbled words.
You are confused.
You bump into the rock wall.
You feel a strong urge to attack something.
You hear some strange, mumbled words.
You are more confused.
Something hits you.
There is an open door, spattered with blood here.
You slash something! You closely miss something.
Your headbutt misses something. You closely miss something.
You are no longer berserk.
You are exhausted.
You feel yourself slow down.
You hear some strange, mumbled words.
Something tries to affect you, but you resist.
You bump into the rock wall.
You hear some strange, mumbled words.
You are more confused.
You miss something. Something hits you.
You hit something but do no damage. Something hits you but does no damage.
You barely miss something. Your headbutt misses something.
You hear some strange, mumbled words.
You are more confused.
You barely miss something. Your headbutt misses something. Something hits you!
You bump into the rock wall.
Something hits you but does no damage. Something completely misses you.
You bump into the rock wall.
Something barely misses you. Something hits you!
* * * LOW HITPOINT WARNING * * *
There is an open door, spattered with blood here.
You hear some strange, mumbled words.
You are more confused.
You hear some strange, mumbled words.
Something tries to affect you, but you resist.
You bump into the rock wall.
Something hits you.
* * * LOW HITPOINT WARNING * * *
Something hits you.
You die...

#############
#<.#..)..#..+
#..').#..@{.#
#..#####'####
#..# #..#
#..# ####
#..# #⌠⌠#
####


There were no monsters in sight!

Vanquished Creatures
  An ogre (D)
  Ijyb (D)
2 creatures vanquished.

Notes
Turn   | Place    | Note
-------+----------+-------------------------------------------
     0 | D        | Zeld the Minotaur Berserker began the quest for the Orb.
     0 | D        | Reached XP level 1. HP: 19/19 MP: 0/0
     2 | D        | Noticed Ijyb
    15 | D        | Killed Ijyb
    16 | D        | Reached skill level 5 in Axes
    16 | D        | Reached XP level 2. HP: 23/28 MP: 1/1
    55 | D        | Noticed an ogre
    61 | D        | Killed an ogre
    62 | D        | Reached skill level 7 in Axes
    62 | D        | Reached skill level 5 in Armour
    62 | D        | Reached XP level 3. HP: 12/37 MP: 2/2
    62 | D        | Reached XP level 4. HP: 15/44 MP: 3/3
   293 | D        | Noticed Sigmund
   319 | D        | Slain by Sigmund

Illustrated notes

Levels and vault maps discovered:
D:        dungeon_sprint_1 [red_sonja_temple_1, red_sonja_temple_small_1]

Skill      XL: |  1  2 |
---------------+-------+-----
Fighting       | 4 6 |  6.0
Axes           | 5 7 |  7.8
Armour         | 3 5 |  5.4
Dodging        | 3 4 |  4.9

Action                   |  1- 3 |  4- 6 || total
-------------------------+-------+-------++-------
Melee: Hand axe          |    13 |    12 ||    25
       Headbutt          |     3 |     1 ||     4
Invok: Berserk           |     2 |     1 ||     3
Armor: Animal skin       |       |     2 ||     2
Dodge: Dodged            |     9 |     3 ||    12
